AoeStats
← Infadel

Arabia

506513746Analyzed
1v1 RM · 20d ago on Sep 13, 2026· 32m 29s· 2 players
Game mode
Random Map
Map size
Tiny (2 player)
Population
200
Speed
Normal
Resources
Standard
Victory
Conquest
Starting age
Dark Age
Ending age
Imperial Age
RankedLock teamsTeams togetherTeam positionsShared explorationLock speedFull tech treeHidden civsTurbo modeCheats
Victory
Defeat
🇮🇳 Mongols · India
1020
+17
🇦🇷 Malians · Argentina
1040
-17
Infadel
7:59 Loom
10:13 Feudal Age
11:39 Man-at-Arms
21:12 Double-Bit Axe
21:08 Horse Collar
22:15 Fletching
25:52 Castle Age
25:12 Stone Mining
26:52 Bow Saw
27:43 Bodkin Arrow
29:46 Gold Mining
812
1:25 Loom
11:22 Feudal Age
24:21 Town Watch
31:45 Castle Age
32:07 Stone Mining
32:21 Padded Archer Armor
32:15 Fletching
Connection lost

Rejoining the realm…

Still unreachable

The connection could not be restored.

Session expired

The server has moved on; the page needs a fresh start.